Cogmind - Beta 14 *** ADVENTURER MODE // 2024.09.02 @ 19:02:30 Player: Bert Result: Self-destructed Performance ------------- Evolutions (2) 1000 Regions Visited (4) 800 Robots Destroyed (16) 80 Value Destroyed (439) 439 Prototype IDs (2) 40 Alien Tech Used (0) 0 Bonus (0) 0 TOTAL SCORE: 2359 Bonus ------- None Cogmind --------- Core Integrity 431/550 Matter 300/300 Energy 252/290 System Corruption 0% Temperature Danger (414) Movement Walking (110) Location -8/Materials Parts ------- > --- POWER (2) -------- Light Ion Engine Improved Ion Engine > --- PROPULSION (3) --- Titanium Leg VSS Leg > --- UTILITY (4) ------ Small Storage Unit Signal Interpreter Hacking Suite Hacking Suite > --- WEAPON (2) ------- Medium Laser Particle Gun > --- INVENTORY (8) ---- Improved Ion Engine Light Deuterium Engine Aluminum Leg Compact Wheel Improved Heat Sink Targeting Computer Hardened Medium Armor Plating Improved Datajack Peak State ------------ > --- POWER ------------ Light Ion Engine Improved Ion Engine > --- PROPULSION ------- Improved Aluminum Leg Titanium Leg VSS Leg > --- UTILITY ---------- Small Storage Unit Signal Interpreter Hacking Suite Hacking Suite > --- WEAPON ----------- Particle Gun Light Assault Rifle > --- INVENTORY -------- Light Deuterium Engine Aluminum Leg Compact Wheel Improved Heat Sink Targeting Computer Medium Laser Particle Gun Improved Datajack [Rating: 23] Favorites ----------- Power Improved Ion Engine Engine Improved Ion Engine Propulsion Compact Wheel Leg VSS Leg Wheel Compact Wheel Utility Small Storage Unit Device ECM Suite Storage Small Storage Unit Processor Signal Interpreter Hackware Hacking Suite Weapon Light Assault Rifle Energy Gun Particle Gun Ballistic Gun Light Assault Rifle Build | -11 -10 -9 -9 -8 ------- Run | Yrd Mat Mat Min Mat Slots Evolved 4 | . . 2 . 2 Power 1 | . . . . 1 Propulsion 1 | . . 1 . . Utility 2 | . . 1 . 1 Weapon . | . . . . . Parts Attached 23 | 6 1 6 . 10 Power 6 | 1 . 3 . 2 Engine 6 | 1 . 3 . 2 Core . | . . . . . Reactor . | . . . . . Propulsion 7 | 2 . 1 . 4 Treads . | . . . . . Leg 4 | . . . . 4 Wheel 3 | 2 . 1 . . Hover . | . . . . . Flight . | . . . . . Utility 5 | 1 1 1 . 2 Device 1 | . . 1 . . Storage 1 | 1 . . . . Processor 1 | . 1 . . . Hackware 2 | . . . . 2 Protection . | . . . . . Artifact . | . . . . . Weapon 5 | 2 . 1 . 2 Energy Gun 4 | 1 . 1 . 2 Energy Cannon . | . . . . . Ballistic Gun 1 | 1 . . . . Ballistic Cannon . | . . . . . Launcher . | . . . . . Special Weapon . | . . . . . Impact Weapon . | . . . . . Slashing Weapon . | . . . . . Piercing Weapon . | . . . . . Special Melee Weapon . | . . . . . Unidentified Prototypes . | . . . . . Parts Lost 4 | . . . . 4 Power 1 | . . . . 1 Propulsion 1 | . . . . 1 Utility 1 | . . . . 1 Weapon 1 | . . . . 1 Highest Loss Streak 1 | . . . . 1 To Critical Strikes . | . . . . . Average Slot Usage (%) 92 | . 91 87 88 97 Engine 14 | . 14 11 11 17 Leg 12 | . . . . 24 Wheel 11 | . 28 21 22 1 Device 5 | . . 11 11 3 Storage 10 | . 14 11 11 9 Processor 9 | . 6 11 11 9 Hackware 7 | . . . . 13 Energy Gun 11 | . 14 11 11 11 Ballistic Gun 9 | . 14 11 11 6 Peak Build Rating 23 | 6 7 11 11 23 Average Rating 13 | 4 6 9 11 20 On Entrance 7 | . 6 7 11 11 Naked Turns . | . . . . . Heaviest Build 21 | 11 11 18 18 21 Greatest Support 42 | 32 32 32 32 42 Greatest Overweight (x) . | . . . . . Average Overweight (x) . | . . . . . Largest Inventory Capacity 8 | 8 8 8 8 8 Average Capacity 7 | 6 8 8 8 8 Most Carried 8 | 4 5 8 7 8 Average Carried 6 | 2 4 6 7 6 Final Capacity 8 | 8 8 8 8 8 Final Carried 8 | 3 5 7 7 8 Class Distribution -------------------- 53% | Mutant 46% | Hacker-Mutant Dominant Class ---------------- Mutant | -10/Materials Mutant | -9/Materials Mutant | -9/Mines Hacker-Mutant | -8/Materials Resources | -11 -10 -9 -9 -8 ----------- Run | Yrd Mat Mat Min Mat Matter Collected 442 | 219 52 78 . 93 Remotely . | . . . . . Salvage Created 513 | . 20 191 . 302 Parts 28 | . 2 9 . 17 Haulers Intercepted . | . . . . . Recyclers Shooed . | . . . . . Parts Field Recycled . | . . . . . Retrieved Matter . | . . . . . Parts Self-Destructed . | . . . . . Prevented . | . . . . . Kills | -11 -10 -9 -9 -8 ------- Run | Yrd Mat Mat Min Mat Combat Hostiles Destroyed 12 | . . 4 . 8 Guns 12 | . . 4 . 8 Classes Destroyed 9 | . 1 3 . 5 Worker 1 | . . . . 1 Recycler 1 | . . . . 1 Operator 1 | . . 1 . . Drone 1 | . . . . 1 Watcher 2 | . 1 1 . . Swarmer 3 | . . . . 3 Grunt 5 | . . 3 . 2 Sentry 2 | . . 1 . 1 Hunter 1 | . . . . 1 Best Kill Streak 3 | . 1 2 . 3 Combat Bots Only 3 | . . 2 . 3 Max Kills in Single Turn 1 | . 1 1 . 1 Gunslinging . | . . . . . Exploded . | . . . . . Melee . | . . . . . Uniques/NPCs Destroyed . | . . . . . Combat | -11 -10 -9 -9 -8 -------- Run | Yrd Mat Mat Min Mat Hostile Shots Fired 91 | . . 19 . 72 Missed 22 | . . 6 . 16 Damage Taken 856 | . 54 147 . 655 Core 190 | . 28 43 . 119 Absorbed by Shields . | . . . . . Ignored by Resistances 246 | . 15 41 . 190 Regen/Repaired (Parts) 26 | . . 26 . . Core Remaining (%) 92 | 100 88 . 89 . Volleys Fired 59 | . 1 18 . 40 Largest 2 | . 2 2 . 2 Hottest 115 | . 70 85 . 115 Shots Fired 104 | . 2 36 . 66 Gun 104 | . 2 36 . 66 Cannon . | . . . . . Launcher . | . . . . . Special . | . . . . . Kinetic 50 | . 1 18 . 31 Thermal 54 | . 1 18 . 35 Explosive . | . . . . . Electromagnetic . | . . . . . Robot Hit Streak 23 | . 1 10 . 23 Robot Miss Streak 2 | . . 2 . 2 Penetration Max . | . . . . . Secondary Targets 2 | . . . . 2 Max Gunslinging Chain 1 | . . . . 1 Shots Hit Robots 87 | . 1 28 . 58 Core Hits 36 | . 1 13 . 22 Critical Kills . | . . . . . Critical Parts Destroyed . | . . . . . Critical Strikes 5 | . . 1 . 4 Burn 5 | . . 1 . 4 Melee Attacks . | . . . . . Impact . | . . . . . Slashing . | . . . . . Piercing . | . . . . . Sneak Attacks . | . . . . . Combat Hostiles . | . . . . . Follow-up Attacks . | . . . . . Damage Inflicted 1042 | . 12 329 . 701 Guns 1021 | . 12 325 . 684 Cannons . | . . . . . Explosions . | . . . . . Melee . | . . . . . Ramming 21 | . . 4 . 17 Kinetic 331 | . . 124 . 207 Thermal 690 | . 12 201 . 477 Explosive . | . . . . . Electromagnetic . | . . . . . Impact . | . . . . . Slashing . | . . . . . Piercing . | . . . . . Highest Corruption . | . . . . . Average Corruption . | . . . . . Corruption Purged . | . . . . . Corruption Blocked . | . . . . . Overload Shots . | . . . . . Overflow Damage . | . . . . . Projectiles . | . . . . . Explosions . | . . . . . Melee . | . . . . . Knockbacks . | . . . . . Impact . | . . . . . Kinetic . | . . . . . Secondary . | . . . . . Self-Inflicted Damage 2 | . . 2 . . Shots . | . . . . . Rammed 2 | . . 2 . . Targets Rammed 3 | . . 2 . 1 Kicked 1 | . . . . 1 Crushed . | . . . . . Highest Temperature 438 | . 30 157 . 438 Average Temperature 115 | . 18 50 . 152 Received Heat Transfer 426 | . . 84 . 342 Effects 4 | . . . . 4 Shutdowns 2 | . . . . 2 Energy Bleed 2 | . . . . 2 Siege Activations . | . . . . . Robots Corrupted . | . . . . . Combat Hostiles . | . . . . . Parts Fried . | . . . . . Impact Corruptions . | . . . . . Robots Melted . | . . . . . Combat Hostiles . | . . . . . Parts Melted 2 | . . . . 2 Heat Transferred 2109 | . 37 592 . 1480 Parts Sabotaged . | . . . . . Parts Stolen . | . . . . . Parts Stripped . | . . . . . Power Chain Reactions . | . . . . . Alert | -11 -10 -9 -9 -8 ------- Run | Yrd Mat Mat Min Mat Peak Influence 150 | . 7 142 46 150 Initial 46 | . . 2 46 15 Average 62 | . 4 86 46 72 Maximum Alert Level . | . . . . . Low Security (%) 100 | 100 100 100 100 100 Level 1 . | . . . . . Level 2 . | . . . . . Level 3 . | . . . . . Level 4 . | . . . . . Level 5 . | . . . . . High Security . | . . . . . Max Security . | . . . . . Squads Dispatched 1 | . . . . 1 Investigation . | . . . . . Extermination . | . . . . . Reinforcement 1 | . . . . 1 Assault . | . . . . . Garrison . | . . . . . Intercept . | . . . . . Searches Triggered . | . . . . . Construction Impeded . | . . . . . Haulers Reinforced . | . . . . . Active Scanning Responses . | . . . . . Cargo Convoy Interrupts . | . . . . . Stealth | -11 -10 -9 -9 -8 --------- Run | Yrd Mat Mat Min Mat Distress Signals 4 | . . 1 . 3 Communications Jammed . | . . . . . Distress Signals . | . . . . . Times Spotted 27 | . 1 8 . 18 Peak Tracking Total 7 | . 1 2 . 7 Tactical Retreats 5 | . . 2 . 3 Traps | -11 -10 -9 -9 -8 ------- Run | Yrd Mat Mat Min Mat Traps Triggered 1 | . 1 . . . Indirectly . | . . . . . Trap Hack Attempts . | . . . . . Triggered . | . . . . . Disarmed 6 | . . . . 6 Reprogrammed . | . . . . . Reused . | . . . . . Traps Extracted . | . . . . . Installed . | . . . . . Triggered . | . . . . . Machines | -11 -10 -9 -9 -8 ---------- Run | Yrd Mat Mat Min Mat Machines Disabled . | . . . . . Max in Single Turn . | . . . . . Machines Repaired . | . . . . . Machines Dismantled . | . . . . . Machines Sabotaged . | . . . . . Overloaded Fab Kills . | . . . . . Hacking | -11 -10 -9 -9 -8 --------- Run | Yrd Mat Mat Min Mat Machines Accessed 6 | . . 2 . 4 Terminals 4 | . . 1 . 3 Fabricators . | . . . . . Repair Stations 1 | . . 1 . . Recycling Units 1 | . . . . 1 Scanalyzers . | . . . . . Garrison Access . | . . . . . Total Hacks 15 | . . 6 . 9 Successful 12 | . . 5 . 7 Failed 3 | . . 1 . 2 Catastrophic . | . . . . . Database Lockouts . | . . . . . Manual . | . . . . . Terminals 10 | . . 4 . 6 Fabricators . | . . . . . Repair Stations 2 | . . 2 . . Recycling Units 3 | . . . . 3 Scanalyzers . | . . . . . Garrison Access . | . . . . . Terminal Hacks 7 | . . 3 . 4 Prototype ID Bank 1 | . . . . 1 Alert Level 2 | . . . . 2 Disarm Traps 1 | . . . . 1 Dispatch Records 1 | . . 1 . . Hauler Manifests 1 | . . 1 . . Registered Components 1 | . . 1 . . Fabricator Hacks . | . . . . . Repair Station Hacks 2 | . . 2 . . Scan Component 1 | . . 1 . . Repair 1 | . . 1 . . Recycling Unit Hacks 3 | . . . . 3 Process 1 | . . . . 1 Report Inventory 1 | . . . . 1 Retrieve Matter 1 | . . . . 1 Scanalyzer . | . . . . . Garrison Access Hacks . | . . . . . Unauthorized Hacks . | . . . . . Terminals . | . . . . . Fabricators . | . . . . . Repair Stations . | . . . . . Recycling Units . | . . . . . Scanalyzers . | . . . . . Garrison Access . | . . . . . Data Cores Recovered . | . . . . . Used . | . . . . . Hacking Detections 3 | . . . . 3 Full Trace Events . | . . . . . Feedback Events . | . . . . . Feedback Blocked . | . . . . . Robot Schematics Acquired . | . . . . . Robots Built . | . . . . . Authchips . | . . . . . Time . | . . . . . Total Robot Build Rating . | . . . . . Part Schematics Acquired . | . . . . . Parts Built . | . . . . . Authchips . | . . . . . Time . | . . . . . Total Part Build Rating . | . . . . . Parts Repaired 1 | . . 1 . . Time 26 | . . 26 . . Parts Recycled . | . . . . . Recycled Matter 23 | . . . . 23 Retrieved Matter 23 | . . . . 23 Retrieved Components . | . . . . . Parts Scanalyzed . | . . . . . Part Schematics Acquired . | . . . . . Parts Damaged . | . . . . . Bothacking | -11 -10 -9 -9 -8 ------------ Run | Yrd Mat Mat Min Mat Used RIF Installer . | . . . . . Robots Hacked . | . . . . . Non-combat . | . . . . . Combat . | . . . . . Robot Hacks Applied . | . . . . . Relay Couplers Released . | . . . . . Fabnet Peak Effective % . | . . . . . Robots Rewired . | . . . . . Allies Hacked . | . . . . . Hacks Repelled . | . . . . . Allies | -11 -10 -9 -9 -8 -------- Run | Yrd Mat Mat Min Mat Total Allies . | . . . . . Largest Group . | . . . . . Highest-Rated Group . | . . . . . Highest-Rated Ally . | . . . . . Total Orders . | . . . . . Ally Attacks . | . . . . . Total Damage . | . . . . . Kills . | . . . . . Allies Corrupted . | . . . . . Allies Melted . | . . . . . Intel | -11 -10 -9 -9 -8 ------- Run | Yrd Mat Mat Min Mat Robot Analysis Total . | . . . . . Derelict Logs Recovered . | . . . . . Drone Launches . | . . . . . Drone Recoveries . | . . . . . Exploration | -11 -10 -9 -9 -8 ------------- Run | Yrd Mat Mat Min Mat Turns Passed 1180 | 75 129 332 92 552 Spaces Moved 757 | 68 119 144 74 352 Core 14 | 14 . . . . Treads . | . . . . . Legs 323 | . . . . 323 Wheels 420 | 54 119 144 74 29 Hover . | . . . . . Flight . | . . . . . Fastest Speed 50 | 50 100 100 100 100 Average Speed 103 | 89 100 100 100 110 Slowest Speed 113 | 100 100 100 100 113 Overloaded Moves . | . . . . . Propulsion Burnouts . | . . . . . Robots Hopped . | . . . . . Cave-ins Triggered . | . . . . . Exploration Rate (%) 15 | 5 18 13 18 23 Regions Visited 4 Branch Regions 1 Pre-discovered Areas . | . . . . . Known Exits Taken 3 | . 1 1 1 . Unknown Exits Taken 1 | 1 . . . . Scrap Searched . | . . . . . Spaces Dug . | . . . . . Terrain Destroyed . | . . . . . Melee . | . . . . . Projectile . | . . . . . AOE . | . . . . . Terrain Rammed . | . . . . . Walls Destroyed . | . . . . . Machines Disabled . | . . . . . Actions | -11 -10 -9 -9 -8 --------- Run | Yrd Mat Mat Min Mat Total 1060 | 82 127 300 92 459 Wait 182 | . 4 119 19 40 Move 753 | 67 118 143 73 352 Hop . | . . . . . Pick Up 31 | 9 3 8 . 11 Fast Attach . | . . . . . Attach 18 | 6 1 3 . 8 Detach 1 | . . . . 1 Swap 5 | . . 3 . 2 Drop 8 | . . 4 . 4 Fire 59 | . 1 18 . 40 Melee . | . . . . . Ram 2 | . . 2 . . Kick 1 | . . . . 1 Crush . | . . . . . Escape Stasis . | . . . . . Rewire . | . . . . . Trap . | . . . . . Miscellaneous . | . . . . . Route ------- -11/Scrapyard -10/Materials -9/Materials -9/Mines -8/Materials History --------- Turn | Location | Event 8 | -11/Scrapyard | Discovered new exit (range 15) 76 | -11/Scrapyard | Entered Materials 181 | -10/Materials | Discovered new exit (range 12) 203 | -10/Materials | Identified exit to Materials 205 | -10/Materials | Entered another Materials area 205 | -9/Materials | Evolved 2 slots: Propulsion x1, Utility x1 318 | -9/Materials | Build established: Mutant 464 | -9/Materials | Repaired Com. Wheel 528 | -9/Materials | Discovered new exit (range 10) 536 | -9/Materials | Identified exit to Mines 537 | -9/Materials | Entered Mines 623 | -9/Mines | Discovered new exit (range 7) 628 | -9/Mines | Identified exit to Materials 629 | -9/Mines | Entered Materials 629 | -8/Materials | Evolved 2 slots: Power x1, Utility x1 925 | -8/Materials | Build established: Hacker-Mutant 1181 | -8/Materials | Self-destructed Last Messages --------------- 01109_ Kicked K-01 Serf. 01109_ K-01 Serf destroyed. 01109_ K-01 Serf collects debris. 01117_ R-06 Scavenger collects Med. Matter Pod. 01121_ R-06 Scavenger collects Wheel. 01129_ K-01 Serf collects debris. 01131_ O-16 Technician: "IFF HANDSHAKE FAILED. SECURING TERMINAL." 01133_ O-16 Technician distress signal alerts nearby ally. 01139_ ALERT: Hostiles spotted, dispatching reinforcements to Terminal M001. 01162_ Acquired Hrd. Medium Armor Plating. 01163_ S-10 Pest destroyed. 01166_ Switching to secondary target: S-10 Pest. 01169_ S-10 Pest destroyed. 01174_ Imp. Aluminum Leg destroyed. 01175_ G-50 Soldier suffers critical hit (Burn). 01178_ G-50 Soldier overheating. 01180_ Overheating: Energy bleed (-55). 01180_ Critical hit (Burn: +37). 01180_ K-01 Serf collects debris. Map ----- +----------------------------------------------------+ | #????????? ??????????????????????????????????? | | #????????? "?????????????????????????????????? | | #????????# "???? +??????????????????????????? | | #????????# ""??? #??????????????????????????? | | " #????????# ??? #??????????????????????????? | | " #????????# ??? #??????????????????????????? | | " #????????# """"" #??????????????????????????? | | #????????# """"" #??????????????????????????? | | #????????# """"" #??????????????????????????? | | ###????????# #??????????????????????????? | | ???????????# #??????????????????????????? | | ???????????# """"" #??????????????????????????? | | ???????????# """"" ##?????????????????????????? | | ############ """"" ###+####### ??????????????? | | ??????????????? | | % ??????????????? | | % ??????????????? | | ############+##### #####?????????????????????? | | ???????# % ### #?????????????????????????? | | ???????# """ " " #?# #?????????????????????????? | | ???????# """ "" #?# ##########????????????????? | | ???????# """ """ #?# #/ [ #????????????????? | | ???????# """ """ #?# # """ #????????????????? | | ???????# """ """ #?# # """ #????????????????? | | ????????? #?# # """ #????????????????? | | ????????? ? #?# # @ #????????????????? | | ??????????#####?##?# #=[ """ #????????????????? | | ???????????????????# #%k """ #????????????????? | | ???????????????????# gg% """ #????????????????? | | ???????????????????# #g= #????????????????? | | ???????????????????# ##########????????????????? | | ???????????????????# #?????????????????????????? | | ???????????????????# ?????????????????????????? | | ???????????????????# ?????????????????????????? | | ???????????????????# ?????????????????????????? | | ???????????????????/ ????????????????????????? | | ?????????????????? # ????????????????????????? | | ?????????????????? # ????????????????????????? | | ????????????????? ?# ##????????????????????????? | | ?????????????????#?# ??????????????????????????? | | ???????????????????# ??????????????????????????? | | ???????????????????# ??????????????????????????? | | ???????????????????? ??????????????????????????? | | ?????????????????????????????????????????????????? | | ?????????????????????????????????????????????????? | | ?????????????????????????????????????????????????? | | ?????????????????????????????????????????????????? | | ?????????????????????????????????????????????????? | | ?????????????????????????????????????????????????? | | ?????????????????????????????????????????????????? | +----------------------------------------------------+ Best States ------------- Heat Dissipation 31 Energy Generation 17 Energy Capacity 290 Matter Stores 300 Matter Capacity 300 Sight Range 16 Terrain Scan Density 10 ECM Strength 1 Resistance: KI 20 Resistance: TH 20 Resistance: EX 20 Resistance: EM 20 Resistance: I 20 Resistance: S 20 Resistance: P 20 Evasion (%) 55 Offensive Hacking 30 Item Schematics ----------------- None Robot Schematics ------------------ None Fabricated ------------ Nothing Alien Tech Used ----------------- None Achievements -------------- None Challenges ------------ None Game ------ Seed ThrusterFluxScanner Manual? 0 Play Time 00:12:32 Cumulative 32.2 hours Start 2024.09.02 @ 18:54:01 End 2024.09.02 @ 19:02:30 Sessions 1 Manual Loads 0 Difficulty Adventurer Special Mode None Game No. 69 Rogue 0 Adventurer 69 Explorer 0 Win Type - Total 0 Types 0/0/0/0/0/0/0/0/0 Lore% 22 Gallery% 36 Achievement% 28 Wizard Run 0 Options --------- Layout 0 ASCII 0 Keyboard 1 Movement Numpad Keybinds 0 Fullscreen 1 Font 18/SmallcapsGlow Map View 76x50 Zoom Use 0% Tactical HUD 1 Map Filters NONE Filters NONE Steam 1 RUN: be37bf80-0b7d-4c8c-b67f-b2a8ca6128ed